 Dungeon Crawl Stone Soup version 0.31-a0-965-g8a8ce12e04 (webtiles) character file.

Game seed: 16819788149309920358

504 jlumianski the Ruffian (level 7, -1/43 (52) HPs)
             Began as a Gnoll Shapeshifter on Oct 27, 2023.
             Killed by nerve-wracking pain
             ... invoked by an orc priest
              (13 damage)
             ... on level 4 of the Dungeon.
             The game lasted 00:18:04 (3935 turns).

jlumianski the Ruffian (Gnoll Shapeshifter)         Turns: 3935, Time: 00:18:05

HP:   -1/43 (52)    AC:  8    Str: 15    XL:     7   Next: 17%
MP:   10/10         EV:  8    Int:  9    God:
Gold: 494           SH:  0    Dex: 12    Spells: 10/10 levels left

rFire   . .          .
                       - Unarmed
rCold   . . .        (no shield)
rNeg    . . .        e - +0 chain mail
rPois   .            (helmet currently unavailable)
rElec   .            (cloak currently unavailable)
rCorr   .            (gloves currently unavailable)
SInv    .            (boots currently unavailable)
Will    +....        (no amulet) Stlth
                     l - ring of willpower
HPRegen 0.27/turn    (no ring)
MPRegen 0.12/turn

%: no passive effects
@: beast-form, heavily drained
A: beast (slay +3), fangs 1, strong nose, distributed training
a: Begin Untransformation


You were on level 4 of the Dungeon.
You were a hulking beast.
You visited 1 branch of the dungeon, and saw 5 of its levels.
You also visited: Ossuary.

You collected 494 gold pieces.

Inventory:

Hand Weapons
 i - a +0 dagger of flaming
 x - a +1 dagger of venom
 A - the +0 dagger of the Sugar Beet {heavy, Dex+2}
   (You found it on level 3 of the Dungeon)

   Dex+2:     It affects your dexterity (+2).
 C - a +2 short sword of draining
Missiles
 g - 14 poisoned darts (quivered)
 p - 9 boomerangs
Armour
 a - a +0 animal skin
 e - a +0 chain mail (worn)
 r - a +0 helmet
 w - a +0 cloak
 B - a +0 pair of gloves
Magical Staves
 E - a staff of fire
Jewellery
 l - a ring of willpower (left hand)
 m - an amulet of faith
Talismans
 c - a beast talisman
 d - a flux talisman
Wands
 q - a wand of polymorph (7)
Scrolls
 f - 4 scrolls of poison
 j - 2 scrolls of brand weapon
 s - 2 scrolls of enchant weapon {unknown}
 v - 2 scrolls of enchant armour {unknown}
 y - a scroll of vulnerability {unknown}
Potions
 b - a potion of cancellation {unknown}
 h - 6 potions of curing
 k - a potion of haste
 n - a potion of brilliance
 o - a potion of heal wounds {unknown}
 t - a potion of might {unknown}
 u - 2 potions of lignification
 z - a potion of enlightenment {unknown}
 D - a potion of invisibility {unknown}


   Skills:
 + Level 3.5 Fighting
 + Level 2.3 Short Blades
 + Level 2.3 Long Blades
 + Level 2.3 Axes
 + Level 2.3 Maces & Flails
 + Level 2.3 Polearms
 + Level 2.3 Staves
 + Level 2.3 Ranged Weapons
 + Level 2.3 Throwing
 + Level 2.3 Armour
 + Level 5.2 Dodging
 + Level 2.3 Stealth
 + Level 2.3 Shields
 + Level 7.0 Unarmed Combat
 + Level 2.3 Spellcasting
 + Level 1.9 Conjurations
 + Level 1.9 Hexes
 + Level 1.9 Summonings
 + Level 1.9 Necromancy
 + Level 1.9 Translocations
 + Level 1.9 Transmutations
 + Level 1.9 Fire Magic
 + Level 1.9 Ice Magic
 + Level 1.9 Air Magic
 + Level 1.9 Earth Magic
 + Level 1.9 Poison Magic
 + Level 2.6 Invocations
 + Level 2.3 Evocations
 + Level 6.9 Shapeshifting


You had 10 spell levels left.
You didn't know any spells.
Your spell library contained the following spells:

 Spells                   Type           Power      Damage    Failure   Level
 Ozocubu's Armour         Ice            4%         N/A       99%         3
 Metabolic Englaciation   Hex/Ice        2%         N/A       100%        5
 Simulacrum               Ice/Necr       2%         N/A       100%        6


Dungeon Overview and Level Annotations

Branches:
Dungeon (5/15)             Temple (0/1) D:4         Ossuary (visited)

Altars:
Okawaru
Trog
Uskayaw

Annotations:
D:3 3 runed translucent doors, sigtrap's ghost, amateur DjHW
D:5 Prince Ribbit


Innate Abilities, Weirdness & Mutations

You are a hulking beast.
Your limbs bulge with bestial killing power. (Slay +3)
You have very sharp teeth.
Your uncanny sense of smell can sniff out nearby items.
Your experience applies equally to all skills.


Message History

The orc wizard is severely wounded.
The orc priest calls down the wrath of Beogh upon you.
Beogh smites you! The orc wizard barely misses you.
You miss the orc wizard.
The orc wizard is severely wounded.
The orc wizard gestures wildly while chanting.
The orc wizard flickers and vanishes!
Deactivating autopickup; reactivate with Ctrl-A.
You barely miss something. Something hits you.
You feel drained.
You completely miss something. You bite something. You miss something.
Something hits you but does no damage.
You feel drained.
You miss something. Something hits you but does no damage.
You feel drained.
You closely miss something. Something hits you.
You feel drained.
You barely miss something. Something hits you but does no damage.
You feel drained.
You hit something but do no damage. Your punch misses something.
Something hits you.
You feel drained.
You closely miss something. Your bite misses something.
You hear some strange, mumbled words.
A puff of flame appears from out of thin air!
The puff of flame hits you but does no damage.
You hit something.
Reactivating autopickup.
You feel a bit more experienced.
You punch the orc priest!
The orc priest is heavily wounded.
The orc priest hits you with a +0 war axe.
You hit the orc priest.
The orc priest is heavily wounded.
You completely miss the orc priest.
You punch the orc priest, but do no damage.
You bite the orc priest, but do no damage.
The orc priest is heavily wounded.
The orc priest hits you with a +0 war axe!
* * * LOW HITPOINT WARNING * * *
You hit the orc priest. Your bite misses the orc priest.
The orc priest is severely wounded.
The orc priest calls down the wrath of Beogh upon you.
Pain shoots through your body!
You die...

#####.o.)...# #.##
...####'# ...#
####..#..# #...
........####### ...
####........... ..
##.#.####### . ∆ ...#.#
### #####o# ..# #h# #.#
#.###### #.# #......#
#.# ######.# #.# #.#
#.# #.# #.# #.# #.# #.#
#.###################.#


You could see an orc priest.

Vanquished Creatures
  A sky beast (D:4)
  2 hounds (D:4)
  2 iguanas
  An orc wizard (D:4)
  8 mummies (Ossuary)
  Robin (D:3)
  5 adders
  4 dart slugs
  8 orcs
  9 bats
  3 endoplasms
  6 giant cockroaches
  2 gnoll zombies (Ossuary)
  20 goblins
  8 hobgoblins
  6 kobolds
  3 quokkas
  2 ball pythons
  3 frilled lizards (D:1)
  3 hobgoblin zombies (Ossuary)
  3 kobold zombies (Ossuary)
  9 rats
109 creatures vanquished.

Notes
Turn   | Place    | Note
-------+----------+-------------------------------------------
     0 | D:1      | jlumianski the Gnoll Shapeshifter began the quest for the
                  | Orb.
     0 | D:1      | Reached XP level 1. HP: 17/17 MP: 1/1
    67 | D:1      | Reached XP level 2. HP: 23/23 MP: 2/2
   418 | D:1      | Reached XP level 3. HP: 27/28 MP: 3/3
   968 | D:2      | Reached skill level 1 in Invocations
  1231 | D:2      | Reached skill level 1 in Short Blades
  1231 | D:2      | Reached skill level 1 in Long Blades
  1231 | D:2      | Reached skill level 1 in Axes
  1231 | D:2      | Reached skill level 1 in Maces & Flails
  1231 | D:2      | Reached skill level 1 in Polearms
  1231 | D:2      | Reached skill level 1 in Staves
  1231 | D:2      | Reached skill level 1 in Ranged Weapons
  1231 | D:2      | Reached skill level 1 in Throwing
  1231 | D:2      | Reached skill level 1 in Armour
  1231 | D:2      | Reached skill level 1 in Stealth
  1231 | D:2      | Reached skill level 1 in Shields
  1231 | D:2      | Reached skill level 1 in Spellcasting
  1231 | D:2      | Reached skill level 1 in Evocations
  1364 | D:3      | Noticed Robin
  1396 | D:2      | Reached XP level 4. HP: 28/34 MP: 5/5
  1512 | D:3      | Noticed a +0 spear
  1515 | D:3      | Killed Robin
  1553 | D:4      | Reached skill level 1 in Conjurations
  1553 | D:4      | Reached skill level 1 in Hexes
  1553 | D:4      | Reached skill level 1 in Summonings
  1553 | D:4      | Reached skill level 1 in Necromancy
  1553 | D:4      | Reached skill level 1 in Translocations
  1553 | D:4      | Reached skill level 1 in Transmutations
  1553 | D:4      | Reached skill level 1 in Fire Magic
  1553 | D:4      | Reached skill level 1 in Ice Magic
  1553 | D:4      | Reached skill level 1 in Air Magic
  1553 | D:4      | Reached skill level 1 in Earth Magic
  1553 | D:4      | Reached skill level 1 in Poison Magic
  2154 | D:3      | Found an iron altar of Okawaru.
  2294 | D:4      | Noticed a sky beast
  2304 | D:4      | Killed a sky beast
  2305 | D:4      | Reached XP level 5. HP: 23/41 MP: 5/7
  2428 | D:4      | Reached XP level 6. HP: 32/47 MP: 8/8
  2484 | D:5      | Entered Level 5 of the Dungeon
  2533 | D:5      | Found a sand-covered staircase.
  2552 | Ossuary  | Entered an ossuary
  2643 | Ossuary  | Reached skill level 5 in Dodging
  3139 | D:3      | Noticed a +0 short sword
  3140 | D:3      | Noticed a +0 spear
  3140 | D:3      | Noticed a +0 falchion
  3140 | D:3      | Noticed a +0 short sword
  3140 | D:3      | Noticed a +0 dagger
  3141 | D:3      | Noticed a +0 dagger
  3141 | D:3      | Noticed a +0 falchion
  3147 | D:3      | Found a hide-covered altar of Uskayaw.
  3201 | D:3      | Identified the +0 dagger of the Sugar Beet {heavy, Dex+2}
  3237 | D:3      | Identified the +10 short sword "Orb Guardian's Bane"
                  | {flame, rCorr}
  3238 | D:3      | Found a runed translucent gate.
  3238 | D:3      | Noticed sigtrap's ghost (amateur DjHW)
  3239 | D:3      | Found a runed translucent gate.
  3240 | D:3      | Found a runed translucent gate.
  3690 | D:4      | Reached XP level 7. HP: 38/51 MP: 10/10
  3705 | D:5      | Noticed Prince Ribbit
  3812 | D:4      | Found a bloodstained altar of Trog.
  3860 | D:4      | Reached skill level 7 in Unarmed Combat
  3890 | D:4      | Found a staircase to the Ecumenical Temple.
  3935 | D:4      | Killed from afar by an orc priest

Illustrated notes

Levels and vault maps discovered:
D:1:      dpeg_arrival_line_fractal, layout_basic, minmay_3d_cube
D:2:      layout_loops_ring, minmay_rat_gold_closets
D:3:      layout_loops_ring, nicolae_uskayaw_en_pointe,
          kennysheep_okawaru_gauntlet, biasface_ghost_orc_armoury,
          minmay_misc_feat_nine_boxes, uniq_robin
D:4:      layout_loops_ring, led_sif_pool, trog_three_pillars_becter,
          temple_green
D:5:      layout_basic, mainiacjoe_overflow_alcove_4,
          mainiacjoe_overflow_catwalk_spiral, enter_ossuary_1,
          serial_park_tiny_1, uniq_prince_ribbit1

Skill      XL: |  1  2  3  4  5  6  7 |
---------------+----------------------+-----
Invocations    | 1 2 |  2.6
Short Blades   | 1 2 |  2.3
Long Blades    | 1 2 |  2.3
Axes           | 1 2 |  2.3
Maces & Flails | 1 2 |  2.3
Polearms       | 1 2 |  2.3
Staves         | 1 2 |  2.3
Ranged Weapons | 1 2 |  2.3
Throwing       | 1 2 |  2.3
Armour         | 1 2 |  2.3
Stealth        | 1 2 |  2.3
Shields        | 1 2 |  2.3
Spellcasting   | 1 2 |  2.3
Evocations     | 1 2 |  2.3
Conjurations   | 1 |  1.9
Hexes          | 1 |  1.9
Summonings     | 1 |  1.9
Necromancy     | 1 |  1.9
Translocations | 1 |  1.9
Transmutations | 1 |  1.9
Fire Magic     | 1 |  1.9
Ice Magic      | 1 |  1.9
Air Magic      | 1 |  1.9
Earth Magic    | 1 |  1.9
Poison Magic   | 1 |  1.9
Fighting       | 3 |  3.5
Dodging        | 5 |  5.2
Unarmed Combat | 7 |  7.0
Shapeshifting  | |  6.9

Action                     |  1- 3 |  4- 6 |  7- 9 || total
---------------------------+-------+-------+-------++-------
  Melee: Unarmed           |    86 |   142 |    38 ||   266
         Bite              |     5 |    10 |     3 ||    18
         Punch             |     1 |     3 |     1 ||     5
    Use: Scroll            |       |     8 |       ||     8
         Potion            |       |     2 |       ||     2
 Armour: Chain mail        |    62 |   113 |    29 ||   204
         Skin              |       |    21 |       ||    21
  Dodge: Dodged            |    34 |    51 |     9 ||    94

Table legend: (Time is in decaauts)
 A = Elapsed time spent in this place.
 B = Non-inter-level travel time spent in this place.
 C = Inter-level travel time spent in this place.
 D = Time resting spent in this place.
 E = Time spent auto-exploring this place.
 F = Levels seen in this place.
 G = Mean time per level.
                   A        B        C        D        E       F      G
               +--------+--------+--------+--------+--------+-----+--------+
         Total |   3912 |   3818 |     94 |    437 |   1671 |   6 |  652.0 |
       Dungeon |   3458 |   3364 |     94 |    315 |   1671 |   5 |  691.6 |
       Ossuary |    454 |    454 |      0 |    122 |      0 |   1 |  454.0 |
               +--------+--------+--------+--------+--------+-----+--------+

Top non-repeatable levels by time:
     D:2: 1043 daAuts
     D:1: 899 daAuts
     D:3: 799 daAuts
     D:4: 612 daAuts
 Ossuary: 454 daAuts
     D:5: 103 daAuts
